 Dungeon Crawl Stone Soup version 0.19-a0-1019-g9c6a58d (webtiles) character file.

9376 Arkorax the Blocker (level 11, -12/93 HPs)
             Began as a Formicid Fighter on July 25, 2016.
             Was a Priest of Hepliaklqana.
             Mangled by a hill giant
             ... wielding a +0 giant club
              (27 damage)
             ... on level 10 of the Dungeon.
             The game lasted 00:12:25 (9708 turns).

Arkorax the Blocker (Formicid Fighter)              Turns: 9708, Time: 00:12:26

Health: -12/93     AC: 13    Str: 33    XL:     11   Next: 73%
Magic:  11/11      EV:  8    Int:  9    God:    Hepliaklqana [***...]
Gold:   693        SH: 14    Dex: 11    Spells: 0 memorised, 10 levels left

rFire  . . .     SeeInvis +     I - +2 war axe (holy)
rCold  . . .     Gourm    +     E - +2 chain mail of Tuobb {*Drain rElec rN+ Str+8}
rNeg   + . .     Faith    .     c - +0 shield
rPois  .         Spirit   .     (helmet unavailable)
rElec  +         Dismiss  .     (no cloak)
rCorr  .         Reflect  .     (no gloves)
SustAt .         Harm     .     D - +1 pair of boots
MR     +....                    l - amulet of the gourmand
Stlth  ..........               n - ring of flight
                                t - +3 ring of strength

@: somewhat resistant to hostile enchantments, extremely unstealthy
A: permanent stasis, dig shafts and tunnels, four strong arms, antennae 3
a: Dig, Shaft Self, Recall Ancestor, Ancestor Identity, Transference, Renounce
Religion, Evoke Flight


You were on level 10 of the Dungeon.
You worshipped Hepliaklqana.
Hepliaklqana was most pleased with you.
You were very full.

You visited 2 branches of the dungeon, and saw 11 of its levels.

You collected 693 gold pieces.

Inventory:

Hand Weapons
 e - a +1 dagger of protection
 B - a -3 executioner's axe
 I - a +2 war axe of holy wrath (weapon)
Armour
 b - a +0 scale mail
 c - a +0 shield (worn)
 z - a +0 large shield
 D - a +1 pair of boots (worn)
 E - the +2 chain mail of Tuobb (worn) {*Drain rElec rN+ Str+8}
   (You found it on level 5 of the Dungeon)

   It affects your strength (+8).
   It insulates you from electricity.
   It protects you from negative energy.
   It causes draining when unequipped.
 W - a +3 plate armour
Jewellery
 l - an amulet of the gourmand (around neck)
 n - a ring of flight (right hand)
 o - an uncursed amulet of the gourmand
 t - a +3 ring of strength (left hand)
 K - an uncursed amulet of guardian spirit {unknown}
 O - an uncursed ring of magical power
Wands
 a - a wand of iceblast (8/15)
 r - a wand of flame (19/48)
 N - a wand of slowing (30/48)
 Q - a wand of flame (31/48)
 T - a wand of paralysis (16/24)
 U - a wand of slowing (18/48)
Scrolls
 g - 4 scrolls of teleportation
 h - 2 scrolls of amnesia
 i - 2 scrolls of remove curse
 k - 3 scrolls of random uselessness
 p - a scroll of fear
 q - 3 scrolls of enchant armour
 x - 9 scrolls of identify
 y - a scroll of fog
 C - 2 scrolls of recharging
Potions
 d - 3 potions of might
 j - 2 potions of brilliance
 m - 8 potions of curing
 u - 2 potions of lignification
 v - 10 potions of degeneration
 A - a potion of mutation {unknown}
 F - a potion of cure mutation {unknown}
 L - a potion of invisibility {unknown}
 R - a potion of cancellation {unknown}
 V - a potion of agility {unknown}
 X - a potion of heal wounds {unknown}
Books
 H - a book of the Tempests

   Spells                             Type                      Level
   a - Static Discharge               Conjuration/Air              3
   b - Lightning Bolt                 Conjuration/Air              5
   c - Fireball                       Conjuration/Fire             5
   d - Tornado                        Air                          9
   e - Shatter                        Earth                        9
 M - a book of Callings

   Spells                             Type                      Level
   a - Summon Small Mammal            Summoning                    1
   b - Call Imp                       Summoning                    2
   c - Call Canine Familiar           Summoning                    3
   d - Summon Guardian Golem          Hexes/Summoning              3
   e - Summon Lightning Spire         Summoning/Air                4
   f - Summon Ice Beast               Ice/Summoning                4
Comestibles
 f - 5 bread rations
 s - 5 beef jerkies
 w - 2 royal jellies
 G - 5 fruits
 J - 3 meat rations
 P - 3 slices of pizza


   Skills:
 + Level 11.4 Fighting
 + Level 10.4 Axes
 - Level 3.2 Armour
 + Level 12.4 Shields


You had 10 spell levels left.
You didn't know any spells.

Dungeon Overview and Level Annotations

Branches:
Dungeon (10/15)            Temple (1/1) D:4            Lair (0/6) D:9
    Orc (0/2) D:9

Altars:
Ashenzari
Cheibriados
Dithmenos
Elyvilon
Fedhas
Gozag
Hepliaklqana
Kikubaaqudgha
Makhleb
Nemelex Xobeh
Okawaru
Pakellas
Qazlal
Sif Muna
Trog
Uskayaw
Vehumet
Xom
Yredelemnul
Zin
The Shining One
Jiyva

Shops:
D:5 }   D:7 *   D:10 *


Innate Abilities, Weirdness & Mutations

You are under a permanent stasis effect.
You can dig through walls and to a lower floor.
Your four strong arms can wield two-handed weapons with a shield.
You have a pair of large antennae on your head. (SInv)


Message History

You barely miss the hill giant.
The hill giant hits you with a giant club!!
There are monsters nearby!
You slash the hill giant!
The hill giant is lightly wounded.
Ilshubani hits the hill giant with a flail.
You slice the hill giant!!
The hill giant is severely wounded.
The hill giant hits you with a giant club!!!
* * * LOW HITPOINT WARNING * * *
Ilshubani hits the hill giant with a flail!
Unknown command.
Unknown command.
Ilshubani barely misses the giant gecko.
Ilshubani hits the giant gecko but does no damage.
Okay, then.
Okay, then.
You are no longer corroded.
The hill giant hits you with a giant club!!
You die...

#...........# #######.#
#.._..##..R.....#
#.......#
#.....#########.#
#.####..# #.....#
#.......# ##)#R##
######..# #...#
#######..# ###.#
......รทรท.#
#.###################...
#..R.lC@......<.......##
###########.###########
#...# #.# ###...### #.#
#.......## #.# #####
#........####.###...#
#......R#.........#.#
###...##.####...#...# #
#...#######.#.##.## #


You could see the friendly Ilshubani the knight, a hill giant and a giant gecko.

Vanquished Creatures
  Sonja (D:10)
  A hill giant (D:10)
  Pikel (D:6)
  A centaur zombie (D:10)
  A two-headed ogre (D:9)
  A troll (D:10)
  A slime creature (D:10)
  A vampire (D:10)
  A wraith (D:10)
  Sigmund (D:6)
  3 yaks (D:10)
  A wyvern (D:10)
  2 wargs (D:9)
  5 orc warriors
  A swamp drake (D:9)
  A black bear (D:6)
  A slave (D:6)
  2 ice beasts (D:6)
  2 sky beasts
  2 ogres
  6 centaurs
  A big kobold (D:10)
  8 scorpions
  5 killer bees (D:10)
  7 crimson imps
  16 orc wizards
  3 giant frog skeletons
  6 hounds
  7 jellies
  7 orc priests
  4 iguanas
  8 worker ants
  A hound skeleton (D:5)
  A worker ant zombie (D:6)
  2 gnolls (D:5)
  14 adders
  2 howler monkey skeletons (D:6)
  2 shadow imps
  2 oozes (D:4)
  3 dart slugs
  3 worms
  4 giant geckos
  51 orcs
  5 giant cockroaches
  13 goblins
  8 hobgoblins
  5 jackals
  4 quokkas
  5 ball pythons
  11 bats
  2 giant newts
  A jackal skeleton (D:7)
  20 kobolds
  9 rats
276 creatures vanquished.

Vanquished Creatures (collateral kills)
  Maurice (D:8)
  A yak (D:10)
  A hungry ghost (D:10)
  A sky beast (D:6)
  A centaur (D:10)
  A big kobold (D:8)
  A giant frog (D:9)
  2 killer bees (D:10)
  A crimson imp (D:8)
  A hound (D:6)
  8 orc wizards
  3 orc priests
  A hound skeleton (D:9)
  A gnoll (D:5)
  An adder (D:4)
  6 orcs
  2 bats (D:4)
  2 kobolds (D:8)
35 creatures vanquished.

Vanquished Creatures (others)
  An orc priest (D:9)
  An adder zombie (D:6)
  An orc (D:6)
  2 fungi (D:4)
5 creatures vanquished.

Grand Total: 316 creatures vanquished

Notes
Turn   | Place    | Note
-------+----------+-------------------------------------------
     0 | D:1      | Arkorax the Formicid Fighter began the quest for the Orb.
     0 | D:1      | Reached XP level 1. HP: 18/18 MP: 1/1
   281 | D:1      | Reached XP level 2. HP: 24/24 MP: 2/2
   518 | D:1      | Reached skill level 4 in Shields
   590 | D:1      | Reached XP level 3. HP: 29/29 MP: 3/3
   942 | D:2      | Found an oddly glowing altar of Pakellas.
  1253 | D:2      | Reached XP level 4. HP: 32/37 MP: 4/4
  2386 | D:3      | Reached XP level 5. HP: 35/42 MP: 5/5
  2677 | D:3      | Reached skill level 5 in Shields
  2835 | D:4      | Reached XP level 6. HP: 25/49 MP: 6/6
  3247 | D:4      | Reached skill level 5 in Fighting
  3279 | D:4      | Reached XP level 7. HP: 41/56 MP: 7/7
  3323 | D:4      | Reached skill level 6 in Shields
  3333 | D:4      | Found a staircase to the Ecumenical Temple.
  3351 | Temple   | Entered the Ecumenical Temple
  3615 | Temple   | Became a worshipper of Hepliaklqana
  4106 | D:4      | Reached skill level 5 in Axes
  4558 | D:5      | Entered Level 5 of the Dungeon
  4567 | D:5      | Reached XP level 8. HP: 64/64 MP: 8/8
  4693 | D:5      | Reached skill level 7 in Shields
  4984 | D:5      | Got a shimmering chain mail
  4995 | D:5      | Identified the +2 chain mail of Tuobb {*Drain rElec rN+ Str+8} (You found it on level 5 of the Dungeon)
  5209 | D:5      | Reached * piety under Hepliaklqana
  5348 | D:5      | Reached skill level 8 in Shields
  5382 | D:5      | Found Owuif's Gadget Emporium.
  5386 | D:5      | Reached XP level 9. HP: 72/72 MP: 9/9
  5581 | D:5      | Found a shattered altar of Ashenzari.
  6026 | D:6      | Noticed Pikel
  6039 | D:6      | Killed Pikel
  6039 | D:6      | Reached skill level 9 in Shields
  6041 | D:6      | Reached ** piety under Hepliaklqana
  6287 | D:6      | Noticed Sigmund
  6301 | D:6      | Killed Sigmund
  6301 | D:6      | Reached XP level 10. HP: 70/83 MP: 10/10
  6350 | D:6      | Remembered your ancestor Ilshubani as a knight
  6514 | D:7      | Reached skill level 10 in Shields
  6648 | D:7      | Found Muino's Island Escapes.
  7507 | D:8      | Noticed Maurice
  7782 | D:9      | Reached *** piety under Hepliaklqana
  7905 | D:9      | Found a staircase to the Orcish Mines.
  8134 | D:9      | Found a staircase to the Lair.
  8137 | D:9      | Reached skill level 10 in Fighting
  8144 | D:9      | Reached skill level 11 in Shields
  8655 | D:8      | Killed Maurice
  8655 | D:8      | Reached XP level 11. HP: 92/92 MP: 11/11
  8684 | D:10     | Entered Level 10 of the Dungeon
  8695 | D:10     | Noticed a hill giant
  8706 | D:10     | Killed a hill giant
  9131 | D:10     | Reached skill level 10 in Axes
  9131 | D:10     | Reached skill level 12 in Shields
  9415 | D:10     | Found Soifu's Assorted Antiques.
  9612 | D:10     | Noticed Sonja
  9621 | D:10     | Killed Sonja
  9668 | D:10     | Found a viscous altar of Jiyva.
  9687 | D:10     | Noticed a hill giant
  9708 | D:10     | Mangled by a hill giant

Vault maps used:
D:1:      tarquinn_simple_flora_water_d
D:2:      grunt_pakellas_mercury
D:3:      first_bread
D:4:      old_forge
D:5:      corexii_shack_village, ashenzari_conservatory_becter, serial_shops,
          shop
D:6:      minmay_a_box_with_orc_wizards_in_it, uniq_sigmund, uniq_pikel
D:7:      nicolae_island_escapes
D:8:      serial_bayou_crossing, uniq_maurice
D:9:      erik_lair_orcish_takeover, erik_orc_1
D:10:     serial_shops, shop_fountains, hangedman_fish_farm, jiyva_altar_1,
          uniq_sonja
Temple:   dpeg_three_leaves_temple

Skill      XL: |  1  2  3  4  5  6  7  8  9 10 11 |
---------------+----------------------------------+-----
Shields        | 4 5 6 8 9 11 12 | 12.4
Axes           | 3 4 5 6 7 9 10 | 10.4
Fighting       | 4 5 6 7 9 10 11 | 11.4
Armour         | |  3.2

Action                   |  1- 3 |  4- 6 |  7- 9 | 10-12 || total
-------------------------+-------+-------+-------+-------++-------
Melee: War axe           |   107 |   141 |   297 |   304 ||   849
Invok: Recall Ancestor   |       |       |     1 |       ||     1
       Ancestor Life: Kn |       |       |       |     1 ||     1
Evoke: Wand              |       |       |       |     3 ||     3
  Use: Potion            |       |       |     1 |     2 ||     3
       Scroll            |       |       |       |    18 ||    18
 Stab: Distracted        |       |       |     2 |     3 ||     5
       Confused          |       |       |       |     3 ||     3
       Paralysed         |       |       |       |     1 ||     1
  Eat: Chunk             |    13 |     5 |    12 |    10 ||    40
Armor: Scale mail        |    36 |    52 |    55 |       ||   143
       Chain mail        |       |       |    68 |    92 ||   160
Dodge: Dodged            |    34 |    37 |   101 |    68 ||   240
Block: Shield            |    56 |    65 |   203 |   201 ||   525
